cohdb
Replays
Latest Replays
All Replays
Popular Replays
Top Player Replays
Match Explorer
How It Works
Community
CoH3 Stats
Reddit
Sign in to upload your games and track your stats! →
Sign in with Steam
Match 45760106
Unlisted
Match 45760106
Overview
Messages
Build Orders
End
Kradschützen Motorcycle Team
Selects Armored Support Battlegroup
Panzergrenadier Squad
Panzergrenadier Squad
Panzergrenadier Squad
Construct Light Support Kompanie
2.5-tonne Medical Truck
Selects Superior Fire Drills
Fire Support Elements
Veteran Squad Leaders
Panzerjäger Mechanized Group
Pak 38 Anti-tank Gun Team
Construct Panzerarmee Kommand
Pak 38 Anti-tank Gun Team
Selects Flammpanzer III Medium Tank
Selects Command Panzer IV F Medium Tank
Flammpanzer III Medium Tank
Flammpanzer III Medium Tank
Selects Salvage Kits
Selects Panzer Storm
Armored Reserves
Kradschützen Motorcycle Team
Selects Stuka Dive Bomb
Stuka Dive Bomb
bigcheese
ModestHellian
Lilfuture
Jammi
maxime.torres20
Exospin
0
0
Comments
sign in to comment!
No comments posted yet!